 Dungeon Crawl Stone Soup version 0.27-a0-1565-gad902ab807 (webtiles) character file.

Game seed: 17994314578019299367

2 flotson the Sneak (level 1, -1/11 HPs)
             Began as a Spriggan Delver on July 16, 2021.
             Slain by an adder skeleton (3 damage)
             ... on level 3 of the Dungeon.
             The game lasted 00:01:46 (329 turns).

flotson the Sneak (Spriggan Delver)                  Turns: 329, Time: 00:01:46

Health: -1/11      AC:  2    Str:  8    XL:     1   Next: 33%
Magic:  2/2        EV: 17    Int: 11    God:
Gold:   0          SH:  0    Dex: 16    Spells: 0/0 levels left

rFire    . . .     SeeInvis +   a - +0 short sword
rCold    . . .     Faith    .   (shield restricted)
rNeg     . . .     Spirit   .   b - +0 robe
rPois    .         Reflect  .   (helmet restricted)
rElec    .         Harm     .   (no cloak)
rCorr    .         Rampage  .   (gloves unavailable)
Will     .....                  (boots unavailable)
Stlth    ++++......             (no amulet)
HPRegen  0.03/turn              (no ring)
MPRegen  0.08/turn              (no ring)

@: very quick
A: very small, no large weapons, unfitting armour, see invisible, speed 3
a: no special abilities


You were on level 3 of the Dungeon.
You visited 1 branch of the dungeon, and saw 3 of its levels.

Inventory:

Hand Weapons
 a - a +0 short sword (weapon)
Armour
 b - a +0 robe (worn)
Wands
 g - a wand of digging (3)
Scrolls
 c - a scroll of fog
 d - a scroll of magic mapping
 e - a scroll of fear
 h - 2 scrolls of identify {unknown}
Potions
 f - a potion of haste
 i - a potion of curing {unknown}


   Skills:
 + Level 2.4 Fighting
 + Level 2.3 Short Blades
 + Level 0.0 Armour
 + Level 2.7 Dodging
 + Level 7.2 Stealth
 + Level 0.1 Evocations


You couldn't memorise any spells.
You didn't know any spells.
Your spell library was empty.

Dungeon Overview and Level Annotations

Branches:
Dungeon (5/15)
 Temple: D:4-7

Altars:

Annotations:
D:3 Jessica


Innate Abilities, Weirdness & Mutations

You are very small and have problems with some larger weapons.
You are too small for most types of armour.
You have supernaturally acute eyesight. (SInv)
You cover ground extremely quickly. (Speed+++)


Message History

The orc is almost dead.
The orc misses you.
You hit the orc.
You kill the orc!
Things that are here:
a +0 flail; an orc corpse
Found a dark potion.
i - a dark potion 3 orcs and Jessica come into view.
Jessica shouts!
The orc shouts! x2
Jessica gestures wildly while chanting.
Jessica blinks!
Jessica moves out of view.
You barely miss the adder skeleton. The adder skeleton misses you.
The adder skeleton bites you but does no damage.
You hit the adder skeleton.
The adder skeleton is lightly damaged.
The adder skeleton bites you.
You hit the adder skeleton.
The adder skeleton is moderately damaged.
The adder skeleton closely misses you.
You hit the adder skeleton.
The adder skeleton is moderately damaged.
The adder skeleton bites you.
You hit the adder skeleton but do no damage.
The adder skeleton is moderately damaged.
The adder skeleton bites you.
You hit the adder skeleton.
The adder skeleton is severely damaged.
The adder skeleton bites you.
* * * LOW HITPOINT WARNING * * *
You hit the adder skeleton.
The adder skeleton is severely damaged.
The adder skeleton barely misses you.
You closely miss the adder skeleton.
The adder skeleton is severely damaged.
The adder skeleton closely misses you.
You hit the adder skeleton.
The adder skeleton is almost destroyed.
The adder skeleton bites you.
You die...

#..#.#
#..#.#
######..).#
#.......###
#.####.##
#.# #.# #.#
#.# # #Z#
#.#
#.##@####.#
#.........#
####.####.#
........#
#.#
#########
#.# #.# #.#
#.# #.#


You could see an adder skeleton.

Vanquished Creatures
  An orc (D:3)
  A rat (D:3)
2 creatures vanquished.

Notes
Turn   | Place    | Note
-------+----------+-------------------------------------------
     0 | D:5      | flotson the Spriggan Delver began the quest for the Orb.
     0 | D:5      | Reached XP level 1. HP: 11/11 MP: 2/2
     9 | D:5      | Noticed a jelly
    11 | D:5      | Noticed a sky beast
    98 | D:4      | Noticed a phantom
   188 | D:3      | Noticed an orc priest
   300 | D:3      | Noticed Jessica
   329 | D:3      | Slain by an adder skeleton

Illustrated notes

Levels and vault maps discovered:
D:3:      layout_loops_ring, lemuel_round_altar, uniq_jessica
D:4:      layout_layer_cave, kennysheep_nondescript, lightli_minifort
D:5:      layout_gridville, ebering_ghost_sewer_f

Action                   || total
-------------------------++-------
Melee: Short sword       ||    18
Armor: Robe              ||     1
Dodge: Dodged            ||    11

Table legend: (Time is in decaauts)
 A = Elapsed time spent in this place.
 B = Non-inter-level travel time spent in this place.
 C = Inter-level travel time spent in this place.
 D = Time resting spent in this place.
 E = Time spent auto-exploring this place.
 F = Levels seen in this place.
 G = Mean time per level.
                   A        B        C        D        E       F      G
               +--------+--------+--------+--------+--------+-----+--------+
         Total |    208 |    208 |      0 |      0 |     92 |   3 |   69.3 |
       Dungeon |    208 |    208 |      0 |      0 |     92 |   3 |   69.3 |
               +--------+--------+--------+--------+--------+-----+--------+

Top non-repeatable levels by time:
     D:3: 138 daAuts
     D:4: 61 daAuts
     D:5: 8 daAuts
